Ducks vs RedWings

Created - 4 novembre 2020 at 21:34

Goals
1 2 3 T
Ducks 0 3 1 4
RedWings 2 1 0 3
Shots
1 2 3 T
Ducks 10 10 7 27
RedWings 13 8 14 35

1st period

1. RedWings , Andrew Cogliano 2 (Jake Gardiner 3) at 14:07 (PP)
2. RedWings , Erik Haula 1 (Andrew Cogliano 1, Patric Hornqvist 1) at 15:48 (PP)

Penalties :
Marcus Johansson (ANA) for Hooking (Minor) at 3:29, Tucker Poolman (ANA) for High sticking (Minor) at 13:15, Luke Schenn (ANA) for Interference (Minor) at 14:25

2nd period

3. Ducks , Marcus Johansson 2 (Derek Stepan 2, Derek Forbort 2) at 6:32
4. RedWings , Brayden Schenn 1 (John Carlson 2) at 9:26
5. Ducks , Luke Kunin 2 (Tyler Ennis 1, Derek Forbort 3) at 12:18
6. Ducks , Tyler Ennis 1 (Calvin de Haan 2) at 14:51

Penalties :
Calvin de Haan (ANA) for Charging (Minor) at 2:48

3rd period

7. Ducks , T.J. Brodie 1 (Luke Kunin 1, Josh Manson 1) at 3:40

Penalties :
Jacob de La Rose (ANA) for Tripping (Minor) at 1:04, Derek Forbort (ANA) for Roughing (Minor) at 13:24

Goalie Stats

Cam Talbot (ANA), 32 saves from 35 shots - (0,914), W, 2-2-0, 60:00 minutes
John Gibson (DET), 23 saves from 27 shots - (0,852), L, 0-3-0, 60:00 minutes

Players Stats for Ducks

Player Name              G  A  P  +/- PIM S  H  SB GA TA FO     MP     PP MP  PK MP  
------------------------------------------------------------------------------------
Anders Lee               0  0  0  -1  0   3  0  0  0  0  3/5    20:09   0:00   4:54 
Brandon Sutter           0  0  0  -1  0   1  1  0  0  0  11/16  14:49   0:00   0:00 
Brett Connolly           0  0  0   0  0   1  1  0  0  0  0/0     8:09   0:00   0:17 
Calvin de Haan           0  1  1   0  2   1  2  0  0  0  0/0    25:18   0:00   4:44 
Craig Smith              0  0  0   0  0   0  1  0  0  0  0/0     7:52   0:00   0:00 
Derek Forbort            0  2  2   2  2   0  0  4  0  0  0/0    19:34   0:00   4:31 
Derek Stepan             0  1  1   1  0   2  0  0  0  0  7/19   15:33   0:00   0:25 
Jack Roslovic            0  0  0   0  0   0  1  0  0  0  5/11   14:57   0:00   6:43 
Jacob de La Rose         0  0  0  -1  2   5  1  1  0  0  0/1    16:10   0:00   0:34 
Josh Manson              0  1  1   1  0   0  3  0  0  0  0/0    16:36   0:00   0:59 
Kyle Turris              0  0  0   3  0   2  1  0  0  0  7/16   11:12   0:00   0:00 
Luke Kunin               1  1  2   3  0   3  2  0  0  0  1/2    11:12   0:00   0:00 
Luke Schenn              0  0  0   2  2   0  3  0  0  0  0/0    15:10   0:00   0:00 
Marcus Johansson         1  0  1   1  2   3  0  1  0  0  1/1    17:15   0:00   2:08 
T.J. Brodie              1  0  1   1  0   1  0  1  0  0  0/0    22:20   0:00   6:13 
Tomas Nosek              0  0  0   1  0   0  1  2  0  0  4/12   21:17   0:00   5:21 
Tucker Poolman           0  0  0   0  2   0  1  1  0  0  0/0    20:58   0:00   3:55 
Tyler Ennis              1  1  2   3  0   5  1  0  0  0  0/0    11:12   0:00   0:00 

Players Stats for RedWings

Player Name              G  A  P  +/- PIM S  H  SB GA TA FO     MP     PP MP  PK MP  
------------------------------------------------------------------------------------
Andrew Cogliano          1  1  2   0  0   2  0  1  0  0  0/0    15:06   4:00   0:00 
Brayden Schenn           1  0  1   1  0   4  3  0  0  0  5/12   20:33   5:48   0:00 
Brett Howden             0  0  0  -2  0   0  1  0  0  0  0/1     6:06   0:13   0:00 
Connor Murphy            0  0  0   0  0   0  3  1  0  0  0/0    18:32   4:06   0:00 
David Pastrnak           0  0  0  -2  0   2  2  0  0  0  0/2    24:03   5:58   0:00 
Dennis Gilbert           0  0  0  -2  0   1  3  1  0  0  0/0    14:49   0:00   0:00 
Erik Haula               1  0  1   1  0   2  0  1  0  0  15/22  18:45   4:00   0:00 
Erik Karlsson            0  0  0   0  0   4  0  1  0  0  0/0    22:36   5:42   0:00 
Filip Forsberg           0  0  0  -2  0   3  4  0  0  0  0/0    24:03   5:58   0:00 
Frans Nielsen            0  0  0  -2  0   0  0  0  0  0  4/7     6:16   0:23   0:00 
Jake Gardiner            0  1  1  -1  0   2  1  3  0  0  0/0    22:35   4:29   0:00 
John Carlson             0  1  1  -1  0   3  0  1  0  0  0/0    26:03   5:29   0:00 
Jordan Szwarz            0  0  0  -2  0   1  0  0  0  0  1/1     6:06   0:13   0:00 
Kyle Brodziak            0  0  0   0  0   1  0  0  0  0  4/10   11:06   0:00   0:00 
Nick Jensen              0  0  0  -2  0   0  0  0  0  0  0/0    15:25   0:36   0:00 
Patric Hornqvist         0  1  1   1  0   4  1  0  0  0  1/2    18:45   4:00   0:00 
Ryan Hartman             0  0  0   0  0   3  0  1  0  0  1/1    11:06   0:00   0:00 
Sean Monahan             0  0  0  -2  0   3  2  1  0  0  13/25  18:05   0:00   0:00 

3 Stars

1 - Luke Kunin (ANA)
2 - Tyler Ennis (ANA)
3 - Brayden Schenn (DET)

Power Play

Ducks - 0 on 0 Attempt(s) - 0,00%
RedWings - 2 on 6 Attempt(s) - 33,33%

Penalty Kill

Ducks - 4 on 6 Attempt(s) - 66,67% - Score 0 goal in Penalty Kill
RedWings - 0 on 0 Attempt(s) - 0,00% - Score 0 goal in Penalty Kill

Team Stat

Ducks - Hits : 19 - Faceoff Wins : 39 - Blocked Shots : 10 - Penalty Minutes : 12
RedWings - Hits : 20 - Faceoff Wins : 44 - Blocked Shots : 11 - Penalty Minutes : 0

Official

Referees : Robert Hennessey and Tom Chmielewski
Linesman : Steve Miller and Darren Gibbs

Game Notes

No Game Note

Finance

Level 1 -- Attendance: 5940 (91,38%) -- Ticket Income 665 280 $
Level 2 -- Attendance: 5000 (100,00%) -- Ticket Income 410 000 $
Level 3 -- Attendance: 2906 (83,03%) -- Ticket Income 203 420 $
Level 4 -- Attendance: 2588 (64,27%) -- Ticket Income 103 520 $
Luxury Box -- Attendance: 898 (89,80%) -- Ticket Income 202 050 $
Game was played at the Joe Louis Arena.
Total Attendance: 17332 (86,54%)
Total Ticket Income: 1 584 270 $
Other Income: 776 292 $
Total Income: 2 360 562 $

% Time on Ice - Ducks

Lines # - Real PCT - Wanted PCT - Time Play
Normal Forward
1 - 31% - 40% - 15:08
2 - 30% - 30% - 14:49
3 - 23% - 20% - 11:12
4 - 16% - 10% - 7:52
Normal Defense
1 - 35% - 40% - 17:04
2 - 32% - 30% - 15:37
3 - 31% - 20% - 15:04
4 - 3% - 10% - 1:16
PP Forward
1 - 0% - 60%
2 - 0% - 40%
PP Defense
1 - 0% - 60%
2 - 0% - 40%
PK Forward
1 - 72% - 60% - 7:22
2 - 28% - 40% - 2:49
PK Defense
1 - 56% - 60% - 5:40
2 - 44% - 40% - 4:31
PK3 Forward
1 - 0% - 60%
2 - 0% - 40%
PK3 Defense
1 - 0% - 60%
2 - 0% - 40%
44 Forward
1 - 0% - 60%
2 - 0% - 40%
44 Defense
1 - 0% - 60%
2 - 0% - 40%
Last Minute Offensive  - 0:00
Last Minute Defensive  - 0:48
Total
Forward - 60:00
Defense - 60:00

% Time on Ice - RedWings

Lines # - Real PCT - Wanted PCT - Time Play
Normal Forward
1 - 36% - 40% - 17:43
2 - 30% - 30% - 14:45
3 - 22% - 20% - 11:06
4 - 12% - 10% - 5:53
Normal Defense
1 - 37% - 40% - 18:06
2 - 26% - 30% - 12:53
3 - 30% - 20% - 14:49
4 - 7% - 10% - 3:39
PP Forward
1 - 61% - 60% - 6:11
2 - 39% - 40% - 4:00
PP Defense
1 - 56% - 60% - 5:42
2 - 44% - 40% - 4:29
PK Forward
1 - 0% - 60%
2 - 0% - 40%
PK Defense
1 - 0% - 60%
2 - 0% - 40%
PK3 Forward
1 - 0% - 60%
2 - 0% - 40%
PK3 Defense
1 - 0% - 60%
2 - 0% - 40%
44 Forward
1 - 0% - 60%
2 - 0% - 40%
44 Defense
1 - 0% - 60%
2 - 0% - 40%
Last Minute Offensive  - 0:22
Last Minute Defensive  - 0:00
Total
Forward - 60:00
Defense - 60:00

Play-by-Play

1st period


0:01 of 1st period - Sean Monahan wins face-off versus Tomas Nosek in neutral zone.
1:08 of 1st period - Brandon Sutter is hit by Connor Murphy and loses puck.
1:21 of 1st period - Shot by Anders Lee.
1:21 of 1st period - Stopped by John Gibson without a rebound.
1:22 of 1st period - Kyle Brodziak wins face-off versus Kyle Turris in RedWings zone.
1:22 of 1st period - Kyle Brodziak is hit by Luke Kunin.
1:25 of 1st period - Icing by Nick Jensen.
1:26 of 1st period - Kyle Turris wins face-off versus Kyle Brodziak in RedWings zone.
1:27 of 1st period - Shot by Tyler Ennis.
1:27 of 1st period - Shot Misses the Net.
1:29 of 1st period - Shot by Tyler Ennis.
1:29 of 1st period - Stopped by John Gibson without a rebound.
1:30 of 1st period - Kyle Brodziak wins face-off versus Kyle Turris in RedWings zone.
2:51 of 1st period - Icing by T.J. Brodie.
2:52 of 1st period - Erik Haula wins face-off versus Jack Roslovic in Ducks zone.
2:52 of 1st period - Erik Haula is hit by Calvin de Haan.
3:16 of 1st period - Shot by Erik Haula.
3:16 of 1st period - Shot Misses the Net.
3:29 of 1st period - Minor Penalty to Marcus Johansson for Hooking.
3:30 of 1st period - Brayden Schenn wins face-off versus Tomas Nosek in Ducks zone.
4:31 of 1st period - Shot by John Carlson.
4:31 of 1st period - Stopped by Cam Talbot without a rebound.
4:32 of 1st period - Erik Haula wins face-off versus Tomas Nosek in Ducks zone.
4:35 of 1st period - Shot by Erik Karlsson.
4:35 of 1st period - Shot Blocked by Tomas Nosek.
4:45 of 1st period - Shot by Andrew Cogliano.
4:45 of 1st period - Shot Misses the Net.
4:47 of 1st period - Shot by John Carlson.
4:47 of 1st period - Shot Misses the Net.
4:55 of 1st period - Shot by John Carlson.
4:55 of 1st period - Shot Misses the Net.
4:57 of 1st period - Shot by John Carlson.
4:57 of 1st period - Stopped by Cam Talbot with a rebound.
5:35 of 1st period - Shot by Luke Kunin.
5:35 of 1st period - Stopped by John Gibson without a rebound.
5:36 of 1st period - Luke Kunin wins face-off versus Kyle Brodziak in RedWings zone.
5:36 of 1st period - Luke Kunin is hit by Dennis Gilbert.
5:44 of 1st period - Shot by Kyle Turris.
5:44 of 1st period - Shot Misses the Net.
6:39 of 1st period - Icing by Josh Manson.
6:40 of 1st period - Kyle Turris wins face-off versus Sean Monahan in Ducks zone.
7:05 of 1st period - Shot by David Pastrnak.
7:05 of 1st period - Shot Blocked by Derek Forbort.
7:09 of 1st period - Shot by Filip Forsberg.
7:09 of 1st period - Shot Misses the Net.
7:11 of 1st period - Shot by Sean Monahan.
7:11 of 1st period - Stopped by Cam Talbot with a rebound.
7:17 of 1st period - Shot by David Pastrnak.
7:17 of 1st period - Shot Misses the Net.
7:21 of 1st period - Shot by David Pastrnak.
7:21 of 1st period - Deflect By Filip Forsberg.
7:21 of 1st period - Shot Blocked by Derek Forbort.
7:55 of 1st period - Shot by Erik Haula.
7:55 of 1st period - Shot Misses the Net.
7:57 of 1st period - Shot by Erik Karlsson.
7:57 of 1st period - Stopped by Cam Talbot without a rebound.
7:58 of 1st period - Frans Nielsen wins face-off versus Derek Stepan in Ducks zone.
8:59 of 1st period - David Pastrnak is hit by Josh Manson and loses puck.
9:02 of 1st period - Shot by Sean Monahan.
9:02 of 1st period - Deflect By David Pastrnak.
9:02 of 1st period - Stopped by Cam Talbot without a rebound.
9:03 of 1st period - Erik Haula wins face-off versus Jack Roslovic in Ducks zone.
9:03 of 1st period - Jake Gardiner is hit by Tucker Poolman and loses puck.
9:20 of 1st period - Shot by Craig Smith.
9:20 of 1st period - Deflect By Brett Connolly.
9:20 of 1st period - Stopped by John Gibson without a rebound.
9:21 of 1st period - Sean Monahan wins face-off versus Kyle Turris in RedWings zone.
9:26 of 1st period - Shot by Sean Monahan.
9:26 of 1st period - Stopped by Cam Talbot without a rebound.
9:27 of 1st period - Sean Monahan wins face-off versus Kyle Turris in Ducks zone.
9:42 of 1st period - Shot by Tyler Ennis.
9:42 of 1st period - Stopped by John Gibson without a rebound.
9:43 of 1st period - Patric Hornqvist wins face-off versus Brandon Sutter in RedWings zone.
9:57 of 1st period - Shot by Jacob de La Rose.
9:57 of 1st period - Shot Misses the Net.
10:07 of 1st period - Shot by Anders Lee.
10:07 of 1st period - Shot Blocked by John Carlson.
11:12 of 1st period - Shot by Derek Stepan.
11:12 of 1st period - Stopped by John Gibson without a rebound.
11:13 of 1st period - Kyle Turris wins face-off versus Kyle Brodziak in RedWings zone.
11:35 of 1st period - Kyle Turris is hit by Dennis Gilbert and loses puck.
11:46 of 1st period - Shot by Tyler Ennis.
11:46 of 1st period - Shot Blocked by Ryan Hartman.
11:51 of 1st period - Icing by Andrew Cogliano.
11:52 of 1st period - Ryan Hartman wins face-off versus Derek Stepan in RedWings zone.
12:18 of 1st period - Patric Hornqvist is hit by Luke Schenn and loses puck.
12:49 of 1st period - Shot by Jacob de La Rose.
12:49 of 1st period - Stopped by John Gibson without a rebound.
12:50 of 1st period - Jack Roslovic wins face-off versus David Pastrnak in RedWings zone.
13:04 of 1st period - Icing by Filip Forsberg.
13:05 of 1st period - Brandon Sutter wins face-off versus Sean Monahan in RedWings zone.
13:15 of 1st period - Minor Penalty to Tucker Poolman for High sticking.
13:16 of 1st period - Tomas Nosek wins face-off versus Brayden Schenn in Ducks zone.
14:07 of 1st period - Shot by Andrew Cogliano.
14:07 of 1st period - Goal by Andrew Cogliano - Ducks : 0 - RedWings : 1.
14:08 of 1st period - Frans Nielsen wins face-off versus Kyle Turris in neutral zone.
14:12 of 1st period - Off-side.
14:13 of 1st period - Kyle Brodziak wins face-off versus Brandon Sutter in neutral zone.
14:13 of 1st period - Andrew Cogliano is hit by Brandon Sutter and loses puck.
14:19 of 1st period - Nick Jensen is hit by Luke Schenn and loses puck.
14:25 of 1st period - Minor Penalty to Luke Schenn for Interference.
14:26 of 1st period - Erik Haula wins face-off versus Tomas Nosek in Ducks zone.
14:31 of 1st period - Shot by Erik Karlsson.
14:31 of 1st period - Stopped by Cam Talbot without a rebound.
14:32 of 1st period - Tomas Nosek wins face-off versus Brayden Schenn in Ducks zone.
14:32 of 1st period - Tomas Nosek is hit by Brayden Schenn.
15:11 of 1st period - Derek Forbort is hit by Filip Forsberg and loses puck.
15:48 of 1st period - Shot by Erik Haula.
15:48 of 1st period - Goal by Erik Haula - Ducks : 0 - RedWings : 2.
15:49 of 1st period - Brandon Sutter wins face-off versus Frans Nielsen in neutral zone.
15:56 of 1st period - Shot by Anders Lee.
15:56 of 1st period - Stopped by John Gibson without a rebound.
15:57 of 1st period - Brandon Sutter wins face-off versus Frans Nielsen in RedWings zone.
15:57 of 1st period - Jacob de La Rose is hit by Dennis Gilbert.
15:59 of 1st period - Shot by T.J. Brodie.
15:59 of 1st period - Shot Blocked by Dennis Gilbert.
16:34 of 1st period - Shot by Brett Howden.
16:34 of 1st period - Shot Misses the Net.
16:46 of 1st period - Shot by John Carlson.
16:46 of 1st period - Deflect By Ryan Hartman.
16:46 of 1st period - Stopped by Cam Talbot without a rebound.
16:47 of 1st period - Sean Monahan wins face-off versus Kyle Turris in Ducks zone.
16:54 of 1st period - Shot by Filip Forsberg.
16:54 of 1st period - Stopped by Cam Talbot without a rebound.
16:55 of 1st period - Kyle Turris wins face-off versus Sean Monahan in Ducks zone.
17:21 of 1st period - Shot by Luke Kunin.
17:21 of 1st period - Stopped by John Gibson with a rebound.
17:23 of 1st period - Shot by Luke Kunin.
17:23 of 1st period - Deflect By Kyle Turris.
17:23 of 1st period - Stopped by John Gibson with a rebound.
17:28 of 1st period - Icing by Filip Forsberg.
17:29 of 1st period - Derek Stepan wins face-off versus Sean Monahan in RedWings zone.
18:03 of 1st period - Icing by Brayden Schenn.
18:04 of 1st period - Brandon Sutter wins face-off versus Erik Haula in RedWings zone.
18:04 of 1st period - Anders Lee is hit by Connor Murphy and loses puck.
18:20 of 1st period - Shot by Erik Haula.
18:20 of 1st period - Shot Misses the Net.
18:28 of 1st period - Shot by Patric Hornqvist.
18:28 of 1st period - Stopped by Cam Talbot with a rebound.
18:30 of 1st period - Shot by Brayden Schenn.
18:30 of 1st period - Stopped by Cam Talbot without a rebound.
18:31 of 1st period - Jack Roslovic wins face-off versus Kyle Brodziak in Ducks zone.
18:59 of 1st period - Shot by Brett Connolly.
18:59 of 1st period - Shot Misses the Net.
19:40 of 1st period - Filip Forsberg is hit by Calvin de Haan and loses puck.
19:59 of 1st period - Marcus Johansson is hit by David Pastrnak.
Goals for this period are 0 for Ducks vs 2 for RedWings.
Shots for this period are 10 for Ducks vs 13 for RedWings.

2nd period


0:01 of 2nd period - Sean Monahan wins face-off versus Derek Stepan in neutral zone.
0:36 of 2nd period - Shot by Derek Stepan.
0:36 of 2nd period - Shot Blocked by Jake Gardiner.
0:38 of 2nd period - Shot by Calvin de Haan.
0:38 of 2nd period - Stopped by John Gibson without a rebound.
0:39 of 2nd period - Erik Haula wins face-off versus Brandon Sutter in RedWings zone.
0:39 of 2nd period - Erik Haula is hit by Jacob de La Rose.
2:30 of 2nd period - David Pastrnak is hit by Tomas Nosek and loses puck.
2:48 of 2nd period - Minor Penalty to Calvin de Haan for Charging.
2:49 of 2nd period - Erik Haula wins face-off versus Tomas Nosek in Ducks zone.
2:54 of 2nd period - Shot by Erik Haula.
2:54 of 2nd period - Deflect By Patric Hornqvist.
2:54 of 2nd period - Stopped by Cam Talbot without a rebound.
2:55 of 2nd period - Brayden Schenn wins face-off versus Tomas Nosek in Ducks zone.
3:04 of 2nd period - Shot by John Carlson.
3:04 of 2nd period - Shot Blocked by T.J. Brodie.
3:06 of 2nd period - Shot by Erik Karlsson.
3:06 of 2nd period - Shot Misses the Net.
4:33 of 2nd period - Icing by Jordan Szwarz.
4:34 of 2nd period - Anders Lee wins face-off versus Brayden Schenn in RedWings zone.
4:39 of 2nd period - Shot by Marcus Johansson.
4:39 of 2nd period - Stopped by John Gibson without a rebound.
4:40 of 2nd period - Brayden Schenn wins face-off versus Tomas Nosek in RedWings zone.
5:55 of 2nd period - Shot by Luke Kunin.
5:55 of 2nd period - Shot Blocked by Andrew Cogliano.
6:10 of 2nd period - Icing by Luke Schenn.
6:11 of 2nd period - Sean Monahan wins face-off versus Derek Stepan in Ducks zone.
6:18 of 2nd period - Shot by David Pastrnak.
6:18 of 2nd period - Shot Blocked by Tomas Nosek.
6:32 of 2nd period - Shot by Marcus Johansson.
6:32 of 2nd period - Goal by Marcus Johansson - Ducks : 1 - RedWings : 2.
6:33 of 2nd period - Brandon Sutter wins face-off versus Brayden Schenn in neutral zone.
7:23 of 2nd period - Icing by Tomas Nosek.
7:24 of 2nd period - Derek Stepan wins face-off versus Sean Monahan in Ducks zone.
7:24 of 2nd period - Derek Stepan is hit by Filip Forsberg.
7:30 of 2nd period - Shot by Derek Stepan.
7:30 of 2nd period - Shot Misses the Net.
9:10 of 2nd period - Icing by Brandon Sutter.
9:11 of 2nd period - Brandon Sutter wins face-off versus Erik Haula in Ducks zone.
9:26 of 2nd period - Shot by Brayden Schenn.
9:26 of 2nd period - Goal by Brayden Schenn - Ducks : 1 - RedWings : 3.
9:27 of 2nd period - Sean Monahan wins face-off versus Derek Stepan in neutral zone.
9:38 of 2nd period - Shot by Filip Forsberg.
9:38 of 2nd period - Deflect By Sean Monahan.
9:38 of 2nd period - Shot Misses the Net.
9:40 of 2nd period - Shot by Dennis Gilbert.
9:40 of 2nd period - Stopped by Cam Talbot with a rebound.
9:42 of 2nd period - Shot by Filip Forsberg.
9:42 of 2nd period - Stopped by Cam Talbot without a rebound.
9:43 of 2nd period - Brandon Sutter wins face-off versus Erik Haula in Ducks zone.
9:43 of 2nd period - Brandon Sutter is hit by Brayden Schenn.
9:53 of 2nd period - Shot by Anders Lee.
9:53 of 2nd period - Stopped by John Gibson without a rebound.
9:54 of 2nd period - Marcus Johansson wins face-off versus Sean Monahan in RedWings zone.
10:00 of 2nd period - Marcus Johansson is hit by Jake Gardiner and loses puck.
10:10 of 2nd period - Icing by John Carlson.
10:11 of 2nd period - Brandon Sutter wins face-off versus Sean Monahan in RedWings zone.
10:14 of 2nd period - Shot by Anders Lee.
10:14 of 2nd period - Shot Blocked by Jake Gardiner.
10:51 of 2nd period - Icing by Tucker Poolman.
10:52 of 2nd period - Brandon Sutter wins face-off versus Erik Haula in Ducks zone.
11:19 of 2nd period - Shot by Derek Stepan.
11:19 of 2nd period - Shot Misses the Net.
11:21 of 2nd period - Shot by Tomas Nosek.
11:21 of 2nd period - Shot Misses the Net.
11:26 of 2nd period - Shot by T.J. Brodie.
11:26 of 2nd period - Shot Misses the Net.
11:54 of 2nd period - Off-side.
11:55 of 2nd period - Kyle Turris wins face-off versus Sean Monahan in neutral zone.
12:10 of 2nd period - Shot by Luke Kunin.
12:10 of 2nd period - Shot Misses the Net.
12:12 of 2nd period - Shot by Derek Forbort.
12:12 of 2nd period - Shot Blocked by Jake Gardiner.
12:18 of 2nd period - Shot by Luke Kunin.
12:18 of 2nd period - Goal by Luke Kunin - Ducks : 2 - RedWings : 3.
12:19 of 2nd period - Jack Roslovic wins face-off versus Kyle Brodziak in neutral zone.
13:16 of 2nd period - Shot by Jacob de La Rose.
13:16 of 2nd period - Stopped by John Gibson without a rebound.
13:17 of 2nd period - Sean Monahan wins face-off versus Derek Stepan in RedWings zone.
13:42 of 2nd period - Derek Stepan is hit by Sean Monahan and loses puck.
14:29 of 2nd period - Shot by Jacob de La Rose.
14:29 of 2nd period - Deflect By Anders Lee.
14:29 of 2nd period - Shot Misses the Net.
14:31 of 2nd period - Shot by Anders Lee.
14:31 of 2nd period - Shot Blocked by Erik Haula.
14:33 of 2nd period - Shot by Jacob de La Rose.
14:33 of 2nd period - Stopped by John Gibson without a rebound.
14:34 of 2nd period - Frans Nielsen wins face-off versus Luke Kunin in RedWings zone.
14:51 of 2nd period - Shot by Tyler Ennis.
14:51 of 2nd period - Goal by Tyler Ennis - Ducks : 3 - RedWings : 3.
14:52 of 2nd period - Erik Haula wins face-off versus Jack Roslovic in neutral zone.
14:54 of 2nd period - Erik Karlsson is hit by Jack Roslovic and loses puck.
14:59 of 2nd period - Shot by Patric Hornqvist.
14:59 of 2nd period - Stopped by Cam Talbot without a rebound.
15:00 of 2nd period - Erik Haula wins face-off versus Kyle Turris in Ducks zone.
15:06 of 2nd period - Tyler Ennis is hit by Connor Murphy.
15:34 of 2nd period - Shot by Tyler Ennis.
15:34 of 2nd period - Stopped by John Gibson with a rebound.
15:52 of 2nd period - Shot by Marcus Johansson.
15:52 of 2nd period - Stopped by John Gibson without a rebound.
15:53 of 2nd period - Brandon Sutter wins face-off versus Sean Monahan in RedWings zone.
16:01 of 2nd period - Icing by Derek Forbort.
16:02 of 2nd period - Brandon Sutter wins face-off versus David Pastrnak in Ducks zone.
16:02 of 2nd period - Brandon Sutter is hit by Filip Forsberg.
17:07 of 2nd period - Shot by Kyle Brodziak.
17:07 of 2nd period - Stopped by Cam Talbot without a rebound.
17:08 of 2nd period - Erik Haula wins face-off versus Derek Stepan in Ducks zone.
17:13 of 2nd period - Shot by Brayden Schenn.
17:13 of 2nd period - Shot Misses the Net.
17:17 of 2nd period - Shot by Erik Karlsson.
17:17 of 2nd period - Shot Misses the Net.
17:23 of 2nd period - Shot by Patric Hornqvist.
17:23 of 2nd period - Deflect By Brayden Schenn.
17:23 of 2nd period - Shot Misses the Net.
17:25 of 2nd period - Shot by Erik Haula.
17:25 of 2nd period - Stopped by Cam Talbot without a rebound.
17:26 of 2nd period - Kyle Turris wins face-off versus Kyle Brodziak in Ducks zone.
17:34 of 2nd period - Nick Jensen is hit by Josh Manson and loses puck.
18:03 of 2nd period - Shot by Andrew Cogliano.
18:03 of 2nd period - Shot Misses the Net.
18:49 of 2nd period - Shot by Brayden Schenn.
18:49 of 2nd period - Stopped by Cam Talbot without a rebound.
18:50 of 2nd period - Jack Roslovic wins face-off versus Sean Monahan in Ducks zone.
18:54 of 2nd period - Brett Connolly is hit by David Pastrnak and loses puck.
19:05 of 2nd period - Shot by Brett Connolly.
19:05 of 2nd period - Shot Blocked by Sean Monahan.
19:07 of 2nd period - Shot by Derek Forbort.
19:07 of 2nd period - Shot Hit the Post.
Goals for this period are 3 for Ducks vs 1 for RedWings.
Shots for this period are 10 for Ducks vs 8 for RedWings.

3rd period


0:01 of 3rd period - Sean Monahan wins face-off versus Derek Stepan in neutral zone.
0:06 of 3rd period - Shot by David Pastrnak.
0:06 of 3rd period - Deflect By Sean Monahan.
0:06 of 3rd period - Stopped by Cam Talbot without a rebound.
0:07 of 3rd period - Derek Stepan wins face-off versus Sean Monahan in Ducks zone.
0:07 of 3rd period - Derek Stepan is hit by Sean Monahan.
1:04 of 3rd period - Minor Penalty to Jacob de La Rose for Tripping.
1:05 of 3rd period - Erik Haula wins face-off versus Anders Lee in Ducks zone.
1:14 of 3rd period - Shot by Erik Karlsson.
1:14 of 3rd period - Stopped by Cam Talbot without a rebound.
1:15 of 3rd period - Erik Haula wins face-off versus Anders Lee in Ducks zone.
1:36 of 3rd period - Shot by Erik Karlsson.
1:36 of 3rd period - Shot Blocked by Derek Forbort.
1:38 of 3rd period - Shot by John Carlson.
1:38 of 3rd period - Stopped by Cam Talbot without a rebound.
1:39 of 3rd period - Tomas Nosek wins face-off versus Brayden Schenn in Ducks zone.
2:08 of 3rd period - Shot by Jake Gardiner.
2:08 of 3rd period - Shot Blocked by Derek Forbort.
3:09 of 3rd period - Brett Howden is hit by Luke Kunin and loses puck.
3:14 of 3rd period - Shot by Brett Howden.
3:14 of 3rd period - Deflect By Jordan Szwarz.
3:14 of 3rd period - Stopped by Cam Talbot without a rebound.
3:15 of 3rd period - Frans Nielsen wins face-off versus Kyle Turris in Ducks zone.
3:16 of 3rd period - Shot by Jordan Szwarz.
3:16 of 3rd period - Deflect By Brett Howden.
3:16 of 3rd period - Shot Misses the Net.
3:38 of 3rd period - Shot by Luke Kunin.
3:38 of 3rd period - Shot Misses the Net.
3:40 of 3rd period - Shot by T.J. Brodie.
3:40 of 3rd period - Goal by T.J. Brodie - Ducks : 4 - RedWings : 3.
3:41 of 3rd period - Kyle Brodziak wins face-off versus Brandon Sutter in neutral zone.
3:59 of 3rd period - Shot by Anders Lee.
3:59 of 3rd period - Shot Misses the Net.
4:01 of 3rd period - Shot by Brandon Sutter.
4:01 of 3rd period - Stopped by John Gibson without a rebound.
4:02 of 3rd period - Jack Roslovic wins face-off versus Sean Monahan in RedWings zone.
4:35 of 3rd period - Shot by Filip Forsberg.
4:35 of 3rd period - Shot Misses the Net.
4:37 of 3rd period - Shot by David Pastrnak.
4:37 of 3rd period - Stopped by Cam Talbot without a rebound.
4:38 of 3rd period - Brayden Schenn wins face-off versus Derek Stepan in Ducks zone.
4:44 of 3rd period - Off-side.
4:45 of 3rd period - Derek Stepan wins face-off versus Erik Haula in neutral zone.
5:00 of 3rd period - Shot by Derek Stepan.
5:00 of 3rd period - Stopped by John Gibson without a rebound.
5:01 of 3rd period - Sean Monahan wins face-off versus Brandon Sutter in RedWings zone.
5:16 of 3rd period - Shot by David Pastrnak.
5:16 of 3rd period - Shot Misses the Net.
5:18 of 3rd period - Shot by Erik Karlsson.
5:18 of 3rd period - Shot Blocked by Tucker Poolman.
5:20 of 3rd period - Shot by Erik Karlsson.
5:20 of 3rd period - Shot Blocked by Jacob de La Rose.
5:22 of 3rd period - Shot by Erik Karlsson.
5:22 of 3rd period - Deflect By David Pastrnak.
5:22 of 3rd period - Shot Misses the Net.
5:54 of 3rd period - Shot by Brayden Schenn.
5:54 of 3rd period - Stopped by Cam Talbot without a rebound.
5:55 of 3rd period - Erik Haula wins face-off versus Derek Stepan in Ducks zone.
6:08 of 3rd period - Shot by Patric Hornqvist.
6:08 of 3rd period - Shot Blocked by Marcus Johansson.
6:48 of 3rd period - Patric Hornqvist is hit by Kyle Turris and loses puck.
7:10 of 3rd period - Shot by Kyle Turris.
7:10 of 3rd period - Stopped by John Gibson without a rebound.
7:11 of 3rd period - Sean Monahan wins face-off versus Jack Roslovic in RedWings zone.
9:17 of 3rd period - Ryan Hartman is hit by Tyler Ennis and loses puck.
9:34 of 3rd period - Shot by Tyler Ennis.
9:34 of 3rd period - Stopped by John Gibson without a rebound.
9:35 of 3rd period - Sean Monahan wins face-off versus Jack Roslovic in RedWings zone.
9:35 of 3rd period - Sean Monahan is hit by Brett Connolly.
9:38 of 3rd period - Erik Karlsson is hit by Craig Smith and loses puck.
9:52 of 3rd period - David Pastrnak is hit by Josh Manson and loses puck.
10:31 of 3rd period - Shot by Anders Lee.
10:31 of 3rd period - Shot Misses the Net.
10:35 of 3rd period - Shot by Brandon Sutter.
10:35 of 3rd period - Shot Blocked by Erik Karlsson.
10:48 of 3rd period - Shot by Jacob de La Rose.
10:48 of 3rd period - Stopped by John Gibson without a rebound.
10:49 of 3rd period - Erik Haula wins face-off versus Derek Stepan in RedWings zone.
11:06 of 3rd period - Icing by Jake Gardiner.
11:07 of 3rd period - Erik Haula wins face-off versus Kyle Turris in RedWings zone.
11:22 of 3rd period - Tyler Ennis is hit by Patric Hornqvist and loses puck.
11:48 of 3rd period - Icing by Nick Jensen.
11:49 of 3rd period - Derek Stepan wins face-off versus Frans Nielsen in RedWings zone.
12:43 of 3rd period - John Carlson is hit by Luke Schenn and loses puck.
13:24 of 3rd period - Minor Penalty to Derek Forbort for Roughing.
13:25 of 3rd period - Tomas Nosek wins face-off versus Brayden Schenn in Ducks zone.
13:25 of 3rd period - Tomas Nosek is hit by Brayden Schenn.
13:28 of 3rd period - Jack Roslovic is hit by Filip Forsberg and loses puck.
13:33 of 3rd period - Shot by David Pastrnak.
13:33 of 3rd period - Shot Misses the Net.
13:35 of 3rd period - Shot by Connor Murphy.
13:35 of 3rd period - Shot Misses the Net.
13:37 of 3rd period - Shot by Filip Forsberg.
13:37 of 3rd period - Stopped by Cam Talbot without a rebound.
13:38 of 3rd period - Brayden Schenn wins face-off versus Tomas Nosek in Ducks zone.
13:39 of 3rd period - Shot by Filip Forsberg.
13:39 of 3rd period - Shot Misses the Net.
13:59 of 3rd period - Shot by Filip Forsberg.
13:59 of 3rd period - Shot Misses the Net.
14:01 of 3rd period - Shot by Jake Gardiner.
14:01 of 3rd period - Stopped by Cam Talbot with a rebound.
14:03 of 3rd period - Shot by Connor Murphy.
14:03 of 3rd period - Shot Misses the Net.
14:05 of 3rd period - Shot by Jake Gardiner.
14:05 of 3rd period - Stopped by Cam Talbot without a rebound.
14:06 of 3rd period - Anders Lee wins face-off versus Patric Hornqvist in Ducks zone.
14:21 of 3rd period - Shot by Erik Karlsson.
14:21 of 3rd period - Stopped by Cam Talbot without a rebound.
14:22 of 3rd period - Anders Lee wins face-off versus Brayden Schenn in Ducks zone.
15:16 of 3rd period - Shot by Patric Hornqvist.
15:16 of 3rd period - Shot Hit the Post.
15:18 of 3rd period - Shot by Jake Gardiner.
15:18 of 3rd period - Shot Misses the Net.
15:20 of 3rd period - Shot by Jake Gardiner.
15:20 of 3rd period - Shot Misses the Net.
15:28 of 3rd period - Shot by Andrew Cogliano.
15:28 of 3rd period - Stopped by Cam Talbot without a rebound.
15:29 of 3rd period - Kyle Turris wins face-off versus Brett Howden in Ducks zone.
15:29 of 3rd period - Kyle Turris is hit by Brett Howden.
15:42 of 3rd period - Icing by Jordan Szwarz.
15:43 of 3rd period - Jordan Szwarz wins face-off versus Derek Stepan in RedWings zone.
15:47 of 3rd period - Off-side.
15:48 of 3rd period - Derek Stepan wins face-off versus Erik Haula in neutral zone.
15:54 of 3rd period - Icing by John Carlson.
15:55 of 3rd period - Derek Stepan wins face-off versus Erik Haula in RedWings zone.
16:20 of 3rd period - Shot by Brayden Schenn.
16:20 of 3rd period - Shot Misses the Net.
16:34 of 3rd period - Shot by Patric Hornqvist.
16:34 of 3rd period - Stopped by Cam Talbot with a rebound.
17:10 of 3rd period - Shot by Jacob de La Rose.
17:10 of 3rd period - Shot Blocked by Connor Murphy.
18:07 of 3rd period - Shot by Ryan Hartman.
18:07 of 3rd period - Stopped by Cam Talbot with a rebound.
18:09 of 3rd period - Shot by Kyle Brodziak.
18:09 of 3rd period - Shot Misses the Net.
18:11 of 3rd period - Shot by Nick Jensen.
18:11 of 3rd period - Shot Misses the Net.
18:22 of 3rd period - Shot by Ryan Hartman.
18:22 of 3rd period - Stopped by Cam Talbot without a rebound.
18:23 of 3rd period - Erik Haula wins face-off versus Jack Roslovic in Ducks zone.
19:37 of 3rd period - Shot by Jacob de La Rose.
19:37 of 3rd period - Stopped by John Gibson without a rebound.
19:38 of 3rd period - Sean Monahan wins face-off versus Jacob de La Rose in RedWings zone.
Goals for this period are 1 for Ducks vs 0 for RedWings.
Shots for this period are 7 for Ducks vs 14 for RedWings.